 Dungeon Crawl Stone Soup version 0.26-b1-32-g5d43845318 (webtiles) character file.

Game seed: 1500547573015283454

30 Goblin1989 the Sneak (level 3, -1/27 HPs)
             Began as a Vampire Brigand on Jan 7, 2021.
             Slain by a gnoll
             ... wielding a +0 flail
              (6 damage)
             ... on level 1 of the Dungeon.
             The game lasted 00:02:19 (878 turns).

Goblin1989 the Sneak (Vampire Brigand)               Turns: 878, Time: 00:02:19

Health: -1/27      AC:  3    Str: 10    XL:     3   Next: 3%
Magic:  3/3        EV: 12    Int: 13    God:
Gold:   26         SH:  0    Dex: 16    Spells: 2/2 levels left

rFire    . . .     SeeInvis +   a - +2 dagger
rCold    . . .     Faith    .   (no shield)
rNeg     . . .     Spirit   .   b - +0 robe
rPois    .         Reflect  .   (no helmet)
rElec    .         Harm     .   c - +0 cloak
rCorr    .         Rampage  .   (no gloves)
Will     .....                  (no boots)
Stlth    +++.......             (no amulet)
HPRegen  0.29/turn              (no ring)
MPRegen  0.08/turn              (no ring)

@: regenerating quickly
A: fangs 3, see invisible, unbreathing
a: Exsanguinate


You were on level 1 of the Dungeon.
You visited 1 branch of the dungeon, and saw 2 of its levels.

You collected 26 gold pieces.

Inventory:

Hand Weapons
 a - a +2 dagger (weapon)
Missiles
 d - 18 poisoned darts (quivered)
 e - 2 curare-tipped darts
Armour
 b - a +0 robe (worn)
 c - a +0 cloak (worn)
Jewellery
 j - an uncursed ring of willpower {unknown}
Scrolls
 f - a scroll of identify {unknown}
 i - a scroll of remove curse {unknown}
 k - a scroll of teleportation {unknown}
 l - a scroll of random uselessness {unknown}
Potions
 g - a potion of degeneration {unknown}
 h - 2 potions of ambrosia {unknown}


   Skills:
 - Level 1.7 Fighting
 * Level 3.4 Short Blades
 - Level 1.5 Throwing
 - Level 1.1 Dodging
 + Level 6.4 Stealth


You had 2 spell levels left.
You didn't know any spells.
Your spell library was empty.

Dungeon Overview and Level Annotations

Branches:
Dungeon (2/15)

Altars:
Ru


Innate Abilities, Weirdness & Mutations

Your natural rate of healing is unusually fast.
You have razor-sharp teeth.
You have supernaturally acute eyesight. (SInv)
You can survive without breathing.


Message History

No target in view!
No target in view!
No target in view!
No target in view!
No target in view!
No target in view!
No target in view!
No target in view!
Health restored: 22 A gnoll comes into view.
It is wielding a +0 club.
You see here a stone.
The gnoll shouts!
You hear a shout!
You hit the gnoll. You bite the gnoll.
The gnoll is heavily wounded.
The gnoll barely misses you.
You hit the gnoll.
The gnoll is severely wounded.
The gnoll hits you but does no damage.
You hit the gnoll.
You kill the gnoll!
A gnoll comes into view. It is wielding a +0 flail.
You have reached level 3!
Your experience leads to an increase in your attributes!
Increase (s)trength, (i)ntelligence, or (d)exterity?
You feel agile.
If you were bloodless you could now transform into a vampire bat.
Health restored: 27; MP restored: 3 Unknown command.
A gnoll comes into view. It is wielding a +0 flail.
Things that are here:
a +0 club; a gnoll corpse Unknown command.
You see here a stone.
The gnoll shouts!
You hit the gnoll.
The gnoll is moderately wounded.
You hear a shout!
The gnoll hits you with a +0 flail!
You take 7 damage, and have 20/27 hp.
MASSIVE DAMAGE!!
You hit the gnoll.
The gnoll is heavily wounded.
You hit the gnoll but do no damage.
The gnoll is heavily wounded.
The gnoll closely misses you.
You hit the gnoll.
The gnoll is severely wounded.
The gnoll hits you with a +0 flail.
You take 6 damage, and have 15/27 hp.
MASSIVE DAMAGE!!
You are too injured to fight recklessly!
You are too injured to fight recklessly!
You are too injured to fight recklessly!
You are too injured to fight recklessly!
You are too injured to fight recklessly!
You are too injured to fight recklessly!
You are too injured to fight recklessly!
You are too injured to fight recklessly!
You are too injured to fight recklessly!
You are too injured to fight recklessly!
You are too injured to fight recklessly!
You are too injured to fight recklessly!
You are too injured to fight recklessly!
You are too injured to fight recklessly!
You are too injured to fight recklessly!
You are too injured to fight recklessly!
You are too injured to fight recklessly!
You are too injured to fight recklessly!
You are too injured to fight recklessly!
You hit the gnoll but do no damage.
The gnoll is severely wounded.
You closely miss the gnoll.
The gnoll is severely wounded.
The gnoll misses you.
You closely miss the gnoll.
The gnoll is severely wounded.
You barely miss the gnoll. You hit the gnoll.
The gnoll is lightly wounded.
A gnoll comes into view. It is wielding a +0 halberd.
The gnoll hits you with a +0 flail!
* * * LOW HITPOINT WARNING * * *
You take 9 damage, and have 7/27 hp.
MASSIVE DAMAGE!!
The gnoll shouts!
There is a stone staircase leading up here.
You climb upwards.
There is a stone staircase leading down here.
You hit the gnoll. You bite the gnoll.
The gnoll is moderately wounded.
The gnoll completely misses you.
You hit the gnoll.
The gnoll is heavily wounded.
The gnoll hits you with a +0 flail!
* * * LOW HITPOINT WARNING * * *
You take 8 damage, and have 4/27 hp.
MASSIVE DAMAGE!!
You hit the gnoll but do no damage.
The gnoll is heavily wounded.
You closely miss the gnoll.
The gnoll is heavily wounded.
The gnoll barely misses you. The gnoll hits you with a +0 flail.
You die... █████████████████

█...............█
█.█████████████.█ █.█
███ █.█ █.█ █████.█ █.█
█.█ █.....█ █.█
████████.█ █.███.█ █.█
.........█ █.█ █.█████.█
████████████.███@█.....█
...............g>█.█████
.██.████.███.█████.█
.██.█ █.█ █.......█
.██.████.█


█████████ .......█.█ .███████.█ ......██.█ ...█████.█ You could see a gnoll.

Vanquished Creatures
  A gnoll (D:2)
  2 dart slugs (D:1)
  A leopard gecko (D:2)
  2 bats (D:1)
  A goblin (D:1)
  2 hobgoblins (D:1)
  A ball python (D:1)
  3 kobolds
  5 rats
18 creatures vanquished.

Notes
Turn   | Place    | Note
-------+----------+-------------------------------------------
     0 | D:1      | Goblin1989 the Vampire Brigand began the quest for the Orb.
     0 | D:1      | Reached XP level 1. HP: 16/16 MP: 1/1
    15 | D:1      | Found a sacrificial altar of Ru.
   108 | D:1      | Reached skill level 6 in Stealth
   317 | D:1      | Reached XP level 2. HP: 21/22 MP: 2/2
   844 | D:2      | Reached XP level 3. HP: 27/27 MP: 3/3
   878 | D:1      | Slain by a gnoll

Illustrated notes

Levels and vault maps discovered:
D:1:      minmay_arrival_arboretum_small, layout_basic, st_stairs_2,
          nrook_campfire, kennysheep_flooded_box
D:2:      layout_loops_ring, pdpol_temple_overflow_zin_treasury_gozag_greed,
          general_overflow_altar, old_standard_altar

Skill      XL: |  1  2 |
---------------+-------+-----
Stealth        | 6 |  6.4
Short Blades   | 3 |  3.4
Fighting       | |  1.7
Throwing       | |  1.5
Dodging        | |  1.1

Action                   || total
-------------------------++-------
Melee: Dagger            ||    58
       Bite              ||     5
 Stab: Sleeping          ||     4
Armor: Robe              ||     9
Dodge: Dodged            ||    24
